 Dungeon Crawl Stone Soup version 0.24-a0-639-gb70a11d811 (webtiles) character file.

Game seed: 2840075251708102403, levelgen mode: deterministic

476494 Kohma the Hoplite (level 24, -22/206 HPs)
             Began as a Merfolk Gladiator on Sept 22, 2019.
             Was an Elder of Qazlal.
             Killed from afar by a shadow dragon (31 damage)
             ... with a bolt of negative energy
             ... on level 5 of the Vaults on Sept 23, 2019.
             The game lasted 03:36:24 (47721 turns).

Kohma the Hoplite (Merfolk Gladiator)              Turns: 47721, Time: 03:36:24

Health: -22/206    AC: 37    Str: 22    XL:     24   Next: 77%
Magic:  13/36      EV: 20    Int:  8    God:    Qazlal [****..]
Gold:   1868       SH: 40    Dex: 18    Spells: 23/23 levels left

rFire    . . .     SeeInvis +   a - +8 demon trident (elec)
rCold    + . .     Gourm    .   A - +5 large shield
rNeg     . . .     Faith    .   F - +13 plate armour of Yliunavo {rC+ MR+}
rPois    .         Spirit   .   z - +0 mask of the Dragon {MR+ Slay+3 SInv}
rElec    .         Reflect  +   J - +2 cloak {+Inv}
rCorr    .         Harm     .   U - +2 pair of gloves
MR       ++++.                  t - +2 pair of boots {Stlth+}
Stlth    ..........             Y - +5 amulet of reflection
HPRegen  0.44/turn              j - +6 ring of evasion
MPRegen  0.25/turn              w - ring of protection from magic

@: very slightly contaminated, drained, repel missiles
A: change form in water, swift swim, stealthy swim
}: 2/15 runes: decaying, gossamer
a: Upheaval, Elemental Force, Renounce Religion, Evoke Invisibility


You were on level 5 of the Vaults.
You worshipped Qazlal.
Qazlal was greatly pleased with you.
You were not hungry.

You visited 8 branches of the dungeon, and saw 40 of its levels.
You visited 1 bazaar.
You also visited: Bailey, Gauntlet and Ice Cave.

You collected 4688 gold pieces.
You spent 2820 gold pieces at shops.

Inventory:

Hand Weapons
 a - a +8 demon trident of electrocution (weapon)
Missiles
 d - 8 throwing nets (quivered)
Armour
 e - the +5 ring mail of the Pits of Slime {rCorr}
   (You bought it in a shop on level 5 of the Dungeon)

   It provides partial protection from all sources of acid and corrosion.
 t - a +2 pair of boots of stealth (worn)
 z - the +0 mask of the Dragon (worn) {MR+ Slay+3 SInv}
   (You bought it in a shop on level 2 of the Orcish Mines)

   It affects your accuracy and damage with ranged weapons and melee attacks
   (+3).
   It affects your resistance to hostile enchantments.
   It lets you see invisible.
 A - a +5 large shield (worn)
 F - the +13 plate armour of Yliunavo (worn) {rC+ MR+}
   (You bought it in a shop on level 1 of the Orcish Mines)

   It protects you from cold.
   It affects your resistance to hostile enchantments.
 J - a +2 cloak of invisibility (worn)
 U - a +2 pair of gloves (worn)
Jewellery
 j - a +6 ring of evasion (left hand)
 n - the ring of Wooral {rPois Str+5 SInv}
   (You found it on level 3 of the Vaults)

   [ring of poison resistance]

   It affects your strength (+5).
   It protects you from poison.
   It lets you see invisible.
 w - a ring of protection from magic (right hand)
 K - an uncursed ring of poison resistance
 V - an uncursed ring of flight
 Y - a +5 amulet of reflection (around neck)
Wands
 c - a wand of disintegration (40)
 s - a wand of acid (45)
 y - a wand of polymorph (32)
 N - a wand of digging (14)
 Q - a wand of iceblast (50)
 S - a wand of paralysis (24)
 T - a wand of clouds (20)
Scrolls
 h - 17 scrolls of teleportation
 l - 6 scrolls of fog
 m - 19 scrolls of remove curse
 q - 3 scrolls of blinking
 x - 3 scrolls of fear
 E - 3 scrolls of identify
 H - 2 scrolls of silence
 L - 4 scrolls of magic mapping
Potions
 g - 5 potions of flight
 k - 7 potions of mutation
 o - 11 potions of curing
 p - 10 potions of heal wounds
 r - 2 potions of berserk rage
 u - 3 potions of agility
 v - 5 potions of invisibility
 C - 5 potions of might
 G - 2 potions of brilliance
 I - 7 potions of haste
 M - 3 potions of resistance
 W - a potion of ambrosia
 Z - a potion of cancellation
Comestibles
 b - 5 chunks of flesh
 f - 71 rations


   Skills:
 + Level 20.9(19.9) Fighting
 - Level 16.0(15.1) Polearms
 - Level 2.0(1.4) Throwing
 - Level 10.0(9.2) Armour
 - Level 15.0(14.1) Dodging
 * Level 23.2(22.2) Shields
 + Level 18.1(17.2) Invocations


You had 23 spell levels left.
You didn't know any spells.
Your spell library contained the following spells:

 Spells                   Type           Power        Failure   Level  Hunger
 Animate Skeleton         Necr           N/A          100%        1    ##.....
 Corona                   Hex            #......      100%        1    ##.....
 Magic Dart               Conj           #...         100%        1    ##.....
 Pain                     Necr           #...         100%        1    ##.....
 Sandblast                Erth           #.....       100%        1    ##.....
 Shock                    Conj/Air       #...         100%        1    ##.....
 Sting                    Conj/Pois      #...         100%        1    ##.....
 Summon Butterflies       Summ           #.......     100%        1    ##.....
 Corpse Rot               Necr           N/A          100%        2    ###....
 Passwall                 Tmut/Erth      #.......     100%        2    ###....
 Poisonous Vapours        Pois/Air       #.....       100%        2    ###....
 Searing Ray              Conj           #.....       100%        2    ###....
 Slow                     Hex            #.......     100%        2    ###....
 Sublimation of Blood     Necr           #.........   100%        2    ###....
 Swiftness                Chrm/Air       #.......     100%        2    ###....
 Call Canine Familiar     Summ           #.......     100%        3    ####...
 Conjure Flame            Conj/Fire      #.......     100%        3    ####...
 Dazzling Spray           Conj/Hex       #.....       100%        3    ####...
 Inner Flame              Hex/Fire       #.......     100%        3    ####...
 Mephitic Cloud           Conj/Pois/Air  #.......     100%        3    ####...
 Portal Projectile        Hex/Tloc       #.....       100%        3    ####...
 Regeneration             Chrm/Necr      #.........   100%        3    ####...
 Static Discharge         Conj/Air       #.......     100%        3    ####...
 Stone Arrow              Conj/Erth      #.....       100%        3    ####...
 Vampiric Draining        Necr           #.........   100%        3    ####...
 Airstrike                Air            #.........   100%        4    #####..
 Animate Dead             Necr           N/A          100%        4    #####..
 Cause Fear               Hex            #.........   100%        4    #####..
 Force Lance              Conj/Tloc      #.......     100%        4    #####..
 Fulminant Prism          Conj/Hex       #.........   100%        4    #####..
 Iskenderun's Mystic Bla  Conj           #.......     100%        4    #####..
 Leda's Liquefaction      Hex/Erth       #.........   100%        4    #####..
 Olgreb's Toxic Radiance  Pois           #.......     100%        4    #####..
 Petrify                  Tmut/Erth      #.......     100%        4    #####..
 Summon Ice Beast         Ice/Summ       #.......     100%        4    #####..
 Agony                    Necr           #.......     100%        5    ######.
 Bolt of Draining         Conj/Necr      #.........   100%        5    ######.
 Dispel Undead            Necr           #.......     100%        5    ######.
 Excruciating Wounds      Chrm/Necr      #.........   100%        5    ######.
 Lee's Rapid Deconstruct  Erth           #.........   100%        5    ######.
 Lightning Bolt           Conj/Air       #.........   100%        5    ######.
 Silence                  Hex/Air        #.........   100%        5    ######.
 Summon Mana Viper        Hex/Summ       #.......     100%        5    ######.
 Venom Bolt               Conj/Pois      #.........   100%        5    ######.
 Yara's Violent Unravell  Hex/Tmut       #.........   100%        5    ######.
 Deflect Missiles         Chrm/Air       #.........   100%        6    #######
 Freezing Cloud           Conj/Ice/Air   #.........   100%        6    #######
 Haunt                    Necr/Summ      #.........   100%        7    #######
 Ring of Flames           Chrm/Fire      #.........   100%        7    #######
 Summon Hydra             Summ           #.........   100%        7    #######
 Borgnjor's Revivificati  Necr           #.........   100%        8    #######
 Death's Door             Chrm/Necr      #.........   100%        8    #######
 Discord                  Hex            #.........   100%        8    #######
 Infestation              Necr           #.........   100%        8    #######
 Necromutation            Tmut/Necr      #.........   100%        8    #######


Dungeon Overview and Level Annotations

Branches:
Dungeon (15/15)            Temple (1/1) D:5            Lair (6/6) D:11
  Swamp (4/4) Lair:3       Spider (4/4) Lair:3        Slime (0/5) Lair:5
    Orc (2/2) D:10            Elf (3/3) Orc:2        Vaults (5/5) D:14
  Crypt (0/3) Vaults:3     Depths (0/5) D:15         Bailey (visited)
  IceCv (visited)         Gauntlet (visited)

Altars:
Ashenzari
Cheibriados
Dithmenos
Elyvilon
Fedhas
Gozag
Hepliaklqana
Kikubaaqudgha
Makhleb
Nemelex Xobeh
Okawaru
Qazlal
Ru
Sif Muna
Trog
Uskayaw
Vehumet
Wu Jian
Xom
Yredelemnul
Zin
The Shining One
Beogh
Jiyva

Shops:
D:5 *   D:7 *   D:10 :   D:14 (   Orc:1 [   Orc:2 =*[(   Elf:2 *!**(
Vaults:2 :

Portals:
Trove: Vaults:4 (give 18 scrolls of teleportation)

Annotations:
Elf:2 2 runed translucent doors


Message History

The iron shot is repelled.
You impale the ancient lich!!
The ancient lich is severely damaged.
Your shield and plate armour of Yliunavo prevent you from hitting the ancient lich.
The ancient lich is severely damaged.
The ancient lich mumbles some strange words.
You closely miss the ancient lich.
The ancient lich is severely damaged.
The Executioner gestures.
The Executioner seems to speed up.
You block the ancient lich's attack.
You closely miss the ancient lich.
The ancient lich is severely damaged.
You block the Executioner's attack. x3
The shadow dragon breathes negative energy at you.
The bolt of negative energy hits the large abomination.
The large abomination completely resists.
The bolt of negative energy hits the ancient lich.
The ancient lich completely resists.
The bolt of negative energy hits you!!
You feel drained.
You die... )x≈.e C≈≈## ≈.).. ..... <.... pC...

...#####################
D.........DDCDXL.1......
.#.......*pp.###@°......
.#.......1..## ##☼......
.#........D## #......
$#.......### ##....
#......+# ...
#.....#+... .. #...###
... # #..## .. #.# .


You could see a shadow dragon, an ancient lich (invisible), 2 storm dragons, an
ettin, an Executioner and a large abomination.

Vanquished Creatures
  Saint Roka (Vaults:3)
  Arachne (Spider:2)
  A tentacled monstrosity (Vaults:4)
  Rupert (Lair:5)
  2 Ice Fiends (IceCv)
  4 deep elf blademasters (Elf:3)
  A sphinx (Vaults:3)
  Agnes (Spider:1)
  A shadow dragon (Vaults:3)
  3 thorn hunters
  2 tengu reavers
  A storm dragon (Vaults:3)
  5 ghost moths
  6 deep elf sorcerers
  15 vault wardens
  Louise (Swamp:4)
  A frost giant (Vaults:4)
  3 deep elf elementalists
  A ghoul (Vaults:2)
  3 emperor scorpions
  14 ironheart preservers
  2 war gargoyles
  9 stone giants
  3 entropy weavers
  7 deep elf demonologists
  Azrael (Orc:2)
  13 deep elf annihilators
  4 spark wasps
  A minotaur (Gauntlet)
  7 ettins
  Snorg (D:11)
  6 deep elf death magi
  2 crystal guardians
  3 fire dragons
  2 great orbs of eyes
  The ghost of Ynurohaj the Blocker, a journeyman VSFi of Qazlal (D:13)
  4 deep elf high priests
  5 yaktaur captains
  25 vault guards
  20 hydras
  4 rakshasas
  Erica (D:9)
  8 centaur warriors
  2 ice dragons
  6 death knights
  9 ogre magi
  3 deep troll shamans
  2 tengu warriors
  4 shambling mangroves
  25 dancing weapons
  22 two-headed ogres
  11 death yaks
  11 alligators
  A spriggan berserker (Swamp:4)
  A deep troll earth mage (Vaults:2)
  3 orc high priests (Orc:2)
  A soul eater (Gauntlet)
  Sonja (D:13)
  22 deep elf knights
  Urug (Orc:1)
  A hell knight (D:15)
  A shock serpent (shapeshifter) (Vaults:2)
  A fire crab (Gauntlet)
  The ghost of skumtomte the Destroyer, a novice TeCj of Vehumet (D:8)
  4 skeletal warriors
  2 shadow wraiths
  A glowing orange brain (shapeshifter) (Vaults:5)
  15 swamp dragons
  17 deep trolls
  A flayed ghost (Vaults:3)
  An unseen horror (D:13)
  3 glowing orange brains
  A lindwurm (shapeshifter) (Vaults:3)
  11 deep elf archers
  14 ironbrand convokers
  3 wizards
  An oklob plant (Lair:6)
  11 wolf spider zombies (Spider:3)
  Pikel (D:4)
  4 harpies
  4 necromancers
  19 orb spiders
  24 wolf spiders
  11 orc knights
  50 deep elf magi
  6 cyclopes
  A stone giant zombie (Vaults:2)
  2 fire giant zombies (Vaults:2)
  7 orc sorcerers
  A stone giant skeleton (Vaults:1)
  17 ugly things
  5 moths of wrath
  16 elephants
  2 centaur zombies (D:15)
  2 ice statues (IceCv)
  33 spiny frogs
  2 black mambas
  12 vault sentinels
  A torpor snail (Lair:6)
  A gargoyle (D:11)
  14 demonic crawlers
  5 kobold demonologists (D:13)
  A minotaur zombie (Gauntlet)
  13 komodo dragons
  14 yaktaurs
  5 redback zombies (Spider:3)
  5 freezing wraiths
  2 rime drakes
  8 trolls
  14 ice devils (IceCv)
  A queen bee (Lair:1)
  A tengu simulacrum (Vaults:3)
  6 meliai
  A jumping spider (shapeshifter) (Vaults:1)
  A raiju (Gauntlet)
  The ghost of feta the Changer, an amateur NaTm (D:5)
  35 jumping spiders
  A polar bear (Lair:2)
  25 hornets
  41 blink frogs
  22 slime creatures
  Prince Ribbit (D:8)
  A harpy skeleton (D:14)
  10 bog bodies
  9 hippogriffs
  14 tyrant leeches
  7 dream sheep (Lair:5)
  14 tarantella zombies (Spider:3)
  4 air elementals
  2 redbacks (shapeshifter)
  A wraith (Vaults:2)
  A vampire (D:11)
  6 wyverns
  5 fire bats (Gauntlet)
  2 humans (shapeshifter)
  71 redbacks
  4 fire elementals
  A spriggan (Swamp:2)
  2 basilisks
  19 tarantellas
  46 yaks
  2 hungry ghosts
  2 steam dragons (Gauntlet)
  5 insubstantial wisps (Swamp:1)
  30 vampire mosquitoes
  8 wargs
  11 swamp worms
  A soldier ant (D:12)
  3 hell hounds
  4 acid dragons
  7 porcupines
  13 water moccasins
  An orc zombie (Vaults:1)
  A phantom (D:12)
  46 orc warriors
  A slave (D:4)
  5 ice beasts
  15 swamp drakes
  3 black bears
  3 necrophages
  4 boggarts (Vaults:1)
  4 sky beasts
  28 ogres
  11 wolves
  14 centaurs
  12 crocodiles
  13 big kobolds
  A human skeleton (Vaults:1)
  25 bullfrogs
  A human simulacrum (Vaults:2)
  4 earth elementals
  A glowing shapeshifter simulacrum (Vaults:1)
  A wyvern skeleton (D:11)
  A water moccasin zombie (D:8)
  3 scorpions
  30 killer bees
  2 howler monkeys (D:9)
  A wight (Vaults:3)
  8 electric eels
  6 crimson imps
  A yaktaur simulacrum (Vaults:1)
  4 bullfrog zombies
  3 quasits
  5 jellies
  40 orc priests
  4 hounds
  4 centaur skeletons
  5 worker ants
  5 iguanas
  32 orc wizards
  A hound zombie (D:9)
  A worker ant zombie (D:10)
  17 gnolls
  A howler monkey skeleton (D:11)
  11 adders
  2 shadow imps (Gauntlet)
  6 white imps (IceCv)
  6 ufetubi (IceCv)
  4 oozes
  2 worms (D:2)
  An adder skeleton (D:5)
  2 dart slugs (D:1)
  5 leopard geckos
  102 orcs
  4 ball pythons
  4 giant cockroaches
  15 hobgoblins
  10 jackals
  50 kobolds
  2 quokkas
  7 bats
  A frilled lizard (D:3)
  6 goblins
  A quokka skeleton (D:6)
  3 rats
  9 briar patches (Swamp:2)
  3 crawling corpses
1778 creatures vanquished.

Vanquished Creatures (collateral kills)
  4 vault guards (Vaults:5)
  A centaur zombie (D:14)
  A centaur skeleton (D:14)
  A hornet (shapeshifter) (D:14)
  A kobold (D:14)
8 creatures vanquished.

Vanquished Creatures (others)
  A deep elf master archer (Elf:3)
  An orc warlord (Orc:2)
  A stone giant (Vaults:5)
  An ironheart preserver (Vaults:5)
  3 yaktaur captains
  4 centaur warriors
  2 deep elf knights (Elf:2)
  An ironbrand convoker (Vaults:4)
  An orc knight (Vaults:2)
  2 deep elf archers
  A deep elf mage (Elf:1)
  A cyclops (D:15)
  6 yaktaurs
  2 redbacks
  A fire elemental (Orc:2)
  A warg (Vaults:3)
  3 hell hounds (Orc:2)
  2 centaurs (Vaults:3)
  2 white imps (IceCv)
  3 ufetubi (IceCv)
  An orc (Orc:2)
  A briar patch (Swamp:2)
  29 fungi
  66 plants
136 creatures vanquished.

Grand Total: 1922 creatures vanquished

Notes
Turn   | Place    | Note
-------+----------+-------------------------------------------
     0 | D:1      | Kohma the Merfolk Gladiator began the quest for the Orb.
     0 | D:1      | Reached XP level 1. HP: 16/16 MP: 1/1
   120 | D:1      | Reached XP level 2. HP: 23/23 MP: 2/2
   254 | D:1      | Reached skill level 5 in Polearms
   507 | D:1      | Reached XP level 3. HP: 28/28 MP: 3/3
  1192 | D:2      | Found a faded altar of an unknown god.
  1554 | D:2      | Reached XP level 4. HP: 34/34 MP: 4/4
  1977 | D:3      | Reached skill level 5 in Dodging
  2144 | D:3      | Reached XP level 5. HP: 36/41 MP: 5/5
  3088 | D:4      | Reached XP level 6. HP: 31/48 MP: 6/6
  3454 | D:5      | Entered Level 5 of the Dungeon
  3459 | D:5      | Noticed a necrophage
  3472 | D:5      | Killed a necrophage
  3481 | D:5      | Found a staircase to the Ecumenical Temple.
  3497 | Temple   | Entered the Ecumenical Temple
  3542 | Temple   | Became a worshipper of Qazlal Stormbringer
  3831 | D:4      | Reached XP level 7. HP: 55/55 MP: 7/7
  4033 | D:4      | Noticed Pikel
  4075 | D:4      | Killed Pikel
  4075 | D:4      | Reached skill level 5 in Fighting
  4075 | D:4      | Reached skill level 2 in Shields
  4075 | D:4      | Reached XP level 8. HP: 27/62 MP: 8/8
  4607 | D:5      | Reached skill level 10 in Polearms
  4607 | D:5      | Reached skill level 3 in Shields
  4625 | D:5      | Found Wazxuf's General Store.
  4642 | D:5      | Bought a potion of curing for 33 gold pieces
  4779 | D:5      | Found a runed translucent door.
  4780 | D:5      | Noticed feta's ghost (amateur NaTm)
  4800 | D:5      | Killed feta's ghost
  4800 | D:5      | Reached skill level 4 in Shields
  5059 | D:6      | Reached * piety under Qazlal
  5269 | D:6      | Reached XP level 9. HP: 68/68 MP: 9/9
  5318 | D:6      | Found a bloodstained altar of Trog.
  5698 | D:7      | Found a flagged portal.
  5710 | Bailey   | Entered a bailey
  5990 | Bailey   | Reached ** piety under Qazlal
  6180 | D:7      | Reached XP level 10. HP: 79/79 MP: 10/10
  6244 | D:7      | Found Wefur's General Store.
  6673 | D:7      | Found a shimmering altar of Xom.
  6673 | D:7      | Found a burning altar of Makhleb.
  6717 | D:7      | Found a hide-covered altar of Uskayaw.
  6719 | D:7      | Found a bloodstained altar of Trog.
  6723 | D:7      | Found a radiant altar of Vehumet.
  6724 | D:7      | Found an ornate altar of the Wu Jian Council.
  6725 | D:7      | Found an iron altar of Okawaru.
  6726 | D:7      | Found a shattered altar of Ashenzari.
  6990 | D:8      | Noticed a two-headed ogre
  7007 | D:8      | Killed a two-headed ogre
  7007 | D:8      | Reached skill level 1 in Invocations
  7036 | D:8      | Found a runed translucent door.
  7039 | D:8      | Noticed skumtomte's ghost (novice TeCj)
  7047 | D:8      | Killed skumtomte's ghost
  7198 | D:5      | Bought the +5 ring mail of the Pits of Slime {rCorr} for
                  | 457 gold pieces
  7343 | D:8      | Found a basalt altar of Yredelemnul.
  7396 | D:8      | Found a white marble altar of Elyvilon.
  7515 | D:8      | Noticed Prince Ribbit
  7521 | D:8      | Killed Prince Ribbit
  7521 | D:8      | Reached XP level 11. HP: 86/86 MP: 12/12
  7864 | D:9      | Noticed Erica
  7868 | D:9      | Killed Erica
  8298 | D:9      | Reached skill level 5 in Armour
  8424 | D:9      | Found a sparkling altar of Nemelex Xobeh.
  8425 | D:9      | Found an opulent altar of Gozag.
  8543 | D:10     | Entered Level 10 of the Dungeon
  8573 | D:10     | Found Nalabbe's Book Emporium.
  9101 | D:10     | Noticed a brown ugly thing
  9102 | D:10     | Reached *** piety under Qazlal
  9155 | D:10     | Killed a brown ugly thing
  9155 | D:10     | Reached skill level 5 in Invocations
  9261 | D:10     | Found a staircase to the Orcish Mines.
 10199 | D:11     | Reached skill level 10 in Fighting
 10226 | D:11     | Found a staircase to the Lair.
 10227 | D:11     | Noticed Snorg
 10251 | D:11     | Killed Snorg
 10257 | D:11     | Reached XP level 12. HP: 79/96 MP: 16/16
 10292 | D:11     | Reached **** piety under Qazlal
 10676 | D:11     | Reached skill level 15 in Polearms
 10942 | D:11     | Got a polished dagger
 10944 | D:11     | Identified the +8 dagger of Fedhas's Envy {flame, Dex+3}
                  | (You found it on level 11 of the Dungeon)
 11130 | Lair:1   | Entered Level 1 of the Lair of Beasts
 12474 | Lair:2   | Reached ***** piety under Qazlal
 12482 | Lair:2   | Noticed a four-headed hydra
 12502 | Lair:1   | Killed a five-headed hydra
 12895 | Lair:2   | Reached XP level 13. HP: 87/105 MP: 19/19
 14545 | Lair:3   | Identified a scroll of acquirement
 14740 | Lair:3   | Reached skill level 10 in Invocations
 15055 | Lair:3   | Found a hole to the Spider Nest.
 15113 | Lair:3   | Found a staircase to the Swamp.
 15501 | Lair:4   | Reached XP level 14. HP: 100/115 MP: 21/21
 15507 | Lair:4   | Reached skill level 5 in Shields
 16389 | Lair:5   | Got a polished spear
 16407 | Lair:5   | Noticed Rupert
 16786 | Lair:5   | Killed Rupert
 16786 | Lair:5   | Reached skill level 6 in Shields
 17016 | Lair:5   | Identified the +6 spear "Othriot" {protect, MR+} (You found
                  | it on level 5 of the Lair of Beasts)
 17175 | Lair:5   | Found a staircase to the Slime Pits.
 17175 | Lair:5   | Found a viscous altar of Jiyva.
 17913 | Lair:6   | Entered Level 6 of the Lair of Beasts
 17923 | Lair:6   | Reached skill level 7 in Shields
 18392 | Lair:6   | Reached skill level 8 in Shields
 18531 | Lair:6   | Reached XP level 15. HP: 125/125 MP: 22/22
 18593 | Lair:6   | Reached skill level 9 in Shields
 19946 | Orc:1    | Entered Level 1 of the Orcish Mines
 20042 | Orc:1    | Noticed Urug
 20061 | Orc:1    | Killed Urug
 20168 | Orc:1    | Reached ****** piety under Qazlal
 20413 | Orc:1    | Found a roughly hewn altar of Beogh.
 20703 | Orc:1    | Found Nuqiorur's Antique Armour Shop.
 20716 | Orc:2    | Entered Level 2 of the Orcish Mines
 20753 | Orc:2    | Found a staircase to the Elven Halls.
 20988 | Orc:1    | Reached skill level 10 in Shields
 21113 | Orc:2    | Paralysed by an orc sorcerer for 3 turns
 21183 | Orc:2    | Noticed an orc warlord
 21195 | Orc:2    | Killed an orc warlord
 21587 | Orc:2    | Noticed Azrael
 21591 | Orc:2    | Found a flickering gateway to a bazaar.
 21600 | Bazaar   | Entered a bazaar
 21604 | Bazaar   | Found Alerreat's Antique Weapon Shop.
 21612 | Bazaar   | Found Eniesere's Jewellery Shop.
 21623 | Bazaar   | Found Ysudyuch's Antique Armour Emporium.
 21634 | Bazaar   | Found Nafaehyst's General Store.
 21642 | Bazaar   | Found Ajebrius's Distillery.
 21664 | Bazaar   | Bought a pair of glowing boots for 240 gold pieces
 21677 | Bazaar   | Bought an uncursed ring of protection from magic for 300
                  | gold pieces
 21765 | Orc:2    | Killed Azrael
 22500 | Orc:2    | Found Mocub's General Store.
 22500 | Orc:2    | Found Rulaif's Jewellery Shoppe.
 22501 | Orc:2    | Found Xyweonua's Antique Armour Shoppe.
 22501 | Orc:2    | Found Bofar's Antique Weapon Emporium.
 22781 | Orc:2    | Bought the +0 mask of the Dragon {MR+ Slay+3 SInv} for 434
                  | gold pieces
 22781 | Orc:2    | Found the +0 mask of the Dragon {MR+ Slay+3 SInv}
 23218 | Orc:2    | Bought a runed cloak for 240 gold pieces
 23514 | D:12     | Reached skill level 10 in Armour
 24348 | D:13     | Found a runed translucent gate.
 24348 | D:13     | Found a runed translucent gate.
 24348 | D:13     | Found a runed translucent gate.
 24361 | D:13     | Identified the cursed +0 short sword of Disaster {pain,
                  | +Blink +Rage Str-3}
 24361 | D:13     | Noticed Ynurohaj's ghost (journeyman VSFi)
 24374 | D:13     | Noticed Sonja
 24394 | D:13     | Killed Sonja
 24422 | D:13     | Found a gate leading to a gauntlet.
 24431 | Gauntlet | Entered a Gauntlet
 24431 | Gauntlet | Found a transporter.
 24431 | Gauntlet | Found a transporter.
 24431 | Gauntlet | Found a transporter.
 24452 | Gauntlet | Found a transporter.
 24469 | Gauntlet | Found a transporter.
 24472 | Gauntlet | Found a transporter.
 24493 | Gauntlet | Found a transporter.
 24510 | Gauntlet | Found a transporter.
 24513 | Gauntlet | Found a transporter.
 24516 | Gauntlet | Found a transporter.
 24518 | Gauntlet | Found a runed translucent gate.
 24518 | Gauntlet | Found a runed translucent gate.
 24518 | Gauntlet | Found a runed translucent gate.
 24548 | Gauntlet | Found a transporter.
 24551 | Gauntlet | Found a transporter.
 24637 | Gauntlet | Reached skill level 11 in Shields
 24756 | Gauntlet | Reached XP level 16. HP: 111/134 MP: 23/23
 24765 | Gauntlet | Got an ichor-stained helmet
 24780 | Gauntlet | Identified the +2 helmet "Uqiolue" {*Drain rC+ MR+ Int+2}
                  | (You found it in a Gauntlet)
 25117 | D:13     | Identified the +4 dagger of Impatience {venom, *Corrode
                  | +Blink rPois rN++ Dex+2}
 25139 | D:13     | Reached skill level 15 in Dodging
 25206 | D:13     | Killed Ynurohaj's ghost
 25970 | D:14     | Found Riomer's Weapon Boutique.
 26020 | D:14     | Found a gate to the Vaults.
 26029 | D:14     | Reached skill level 12 in Shields
 26467 | D:14     | Found a sacrificial altar of Ru.
 26577 | D:15     | Entered Level 15 of the Dungeon
 26589 | D:15     | Reached skill level 15 in Fighting
 26903 | D:15     | Found a staircase to the Depths.
 27112 | D:15     | Reached skill level 13 in Shields
 27367 | Swamp:1  | Entered Level 1 of the Swamp
 28315 | Swamp:2  | Noticed a thorn hunter
 28324 | Swamp:2  | Killed a thorn hunter
 28448 | Swamp:2  | Reached XP level 17. HP: 131/143 MP: 24/24
 28995 | Swamp:3  | Found a shattered altar of Ashenzari.
 29268 | Swamp:3  | Reached skill level 14 in Shields
 29578 | Swamp:4  | Entered Level 4 of the Swamp
 30079 | Swamp:4  | Noticed Louise
 30110 | Swamp:4  | Killed Louise
 30936 | Swamp:4  | Reached skill level 15 in Shields
 31162 | Swamp:4  | Got a decaying rune of Zot
 31609 | Orc:1    | Bought a heavily runed plate armour for 756 gold pieces
 31609 | Orc:1    | Identified the +13 plate armour of Yliunavo {rC+ MR+} (You
                  | bought it in a shop on level 1 of the Orcish Mines)
 31772 | Spider:1 | Entered Level 1 of the Spider Nest
 31952 | Spider:1 | Noticed Agnes
 31960 | Spider:1 | Killed Agnes
 32177 | Spider:1 | Got a scorched ring mail
 32178 | Spider:1 | Identified the +2 ring mail "Saf Sot" {Int+2} (You found it
                  | on level 1 of the Spider Nest)
 32326 | Spider:1 | You fall into a shaft and drop 1 floor!
 32336 | Spider:2 | Reached XP level 18. HP: 143/153 MP: 27/27
 32433 | Spider:2 | Noticed Arachne
 32451 | Spider:2 | Killed Arachne
 33190 | Spider:3 | Reached skill level 16 in Shields
 34445 | Spider:4 | Entered Level 4 of the Spider Nest
 34889 | Spider:4 | Found a frozen archway.
 34893 | IceCv    | Entered an ice cave
 35108 | IceCv    | Noticed an Ice Fiend
 35128 | IceCv    | Killed an Ice Fiend
 35143 | IceCv    | Noticed an Ice Fiend
 35148 | IceCv    | Killed an Ice Fiend
 35587 | Spider:3 | Reached skill level 17 in Shields
 35665 | Spider:3 | Reached XP level 19. HP: 161/161 MP: 29/29
 36601 | Spider:4 | Got a gossamer rune of Zot
 36966 | Elf:1    | Entered Level 1 of the Elven Halls
 36966 | Elf:1    | Found a radiant altar of Vehumet.
 37401 | Elf:1    | Reached skill level 18 in Shields
 37401 | Elf:1    | Reached XP level 20. HP: 170/170 MP: 30/30
 37402 | Elf:1    | Reached XP level 21. HP: 177/177 MP: 31/31
 37405 | Elf:1    | Got a shimmering ring mail
 37406 | Elf:1    | Identified the cursed +1 ring mail of Qazlal's Pride
                  | {Slay+2} (You found it on level 1 of the Elven Halls)
 37549 | Elf:1    | You fall into a shaft and drop 1 floor!
 37564 | Elf:2    | Reached skill level 19 in Shields
 37694 | Elf:2    | Found a large runed translucent door.
 37695 | Elf:2    | Found a large runed translucent door.
 37697 | Elf:2    | Found a large runed translucent door.
 37698 | Elf:2    | Found a large runed translucent door.
 38269 | Elf:2    | Found Liugim's Distillery.
 38291 | Elf:2    | Found Kyuddat's Assorted Antiques.
 38297 | Elf:2    | Bought a scroll of identify for 46 gold pieces
 38297 | Elf:2    | Bought an amulet of reflection for 46 gold pieces
 38311 | Elf:2    | Found Goxt's General Store.
 38349 | Elf:2    | Found Anluxa's Weapon Shop.
 38483 | Elf:2    | Found Feje's General Store.
 38487 | Elf:2    | Bought a scroll of blinking for 127 gold pieces
 38487 | Elf:2    | Bought a scroll of fear for 59 gold pieces
 38864 | D:5      | Bought a scroll of enchant armour for 82 gold pieces
 39332 | Elf:3    | Entered Level 3 of the Elven Halls
 39875 | Elf:3    | Reached XP level 22. HP: 185/185 MP: 33/33
 39965 | Elf:3    | Identified the +2 ring mail of Negligence {rC+ Dex+5}
 40046 | Elf:3    | Reached skill level 15 in Invocations
 40105 | Elf:3    | Identified the +10 short sword of Gloom {drain, rC+ rN+
                  | SInv Stlth-}
 40177 | Elf:3    | Identified the +10 battleaxe of Ashenzari's Delight {chop,
                  | rF+ rN+ Str+6 Dex-4}
 40237 | Elf:3    | Reached skill level 20 in Shields
 40637 | Elf:3    | Identified the Incunabulum of Dusty Toxins
 41232 | Vaults:1 | Entered Level 1 of the Vaults
 41874 | Vaults:1 | Found a basalt altar of Yredelemnul.
 41910 | Vaults:1 | You fall into a shaft and drop 1 floor!
 41977 | Vaults:2 | Reached XP level 23. HP: 194/194 MP: 35/35
 41983 | Vaults:2 | You fall into a shaft and drop 1 floor!
 41997 | Vaults:3 | Noticed Saint Roka
 42015 | Vaults:3 | Reached skill level 21 in Shields
 42063 | Vaults:3 | Killed Saint Roka
 44248 | Vaults:2 | Found Peqacec's Book Shop.
 44976 | Vaults:3 | Found a staircase to the Crypt.
 45050 | Vaults:3 | Reached skill level 22 in Shields
 45343 | Vaults:3 | Reached XP level 24. HP: 168/204 MP: 35/35
 45609 | Vaults:3 | Got a smoking marble ring
 45610 | Vaults:3 | Identified the ring of Wooral {rPois Str+5 SInv} (You found
                  | it on level 3 of the Vaults)
 46197 | Vaults:4 | Found a portal to a secret trove of treasure.
 47349 | Vaults:5 | Entered Level 5 of the Vaults
 47359 | Vaults:5 | Noticed an ancient lich
 47461 | Vaults:4 | Reached skill level 23 in Shields
 47674 | Vaults:5 | HP: 8/206 [tengu reaver/fireball (40)]
 47715 | Vaults:5 | HP: 8/206 [???[an ancient lich] (6)]
 47721 | Vaults:5 | Killed from afar by a shadow dragon

Levels and vault maps discovered:
D:1:      onia_arrival_handbag, layout_loops_corners, minmay_misc_feat_pillars
D:2:      layout_loops_ring, chequers_ecumenical_altar_island,
          grunt_ministairs_2
D:3:      layout_loops_corners
D:4:      layout_basic, first_ration, uniq_pikel
D:5:      layout_basic, minmay_temple_entry_stoned_glass, gammafunk_ghost_grave,
          serial_shops, shop, minmay_misc_feat_room, feat_on_display
D:6:      layout_gridville, basic_altar, kennysheep_small_circle
D:7:      layout_loops_ring, grunt_temple_overflow_champion_of_chaos,
          minitemple, serial_shops, shop_fountains, enter_bailey_6
D:8:      layout_basic, kennysheep_ying_yang, ebering_ghost_reflecting_pool,
          uniq_prince_ribbit1
D:9:      layout_loops_ring, grunt_temple_overflow_opulence, uniq_erica
D:10:     layout_big_octagon, erik_orc_2, serial_shops, shop,
          serial_bayou_pond_d
D:11:     layout_irregular_city, erik_lair_orcish_takeover, blue_anna_alchemist
          [blue_anna_fruit_fields, blue_anna_fruit_fields],
          kennysheep_generic_room_16, uniq_snorg
D:12:     layout_basic, special_room [special_room_orc]
D:13:     layout_gridville, gammafunk_ghost_nasty_kobolds,
          gauntlet_entry_generic, uniq_sonja
D:14:     layout_basic, erik_vaults_1, serial_aquarium, aquarium_bridge_square
          [aquarium_subvault_wall, aquarium_subvault_wall,
          aquarium_subvault_wall, aquarium_subvault_bridge],
          aquarium_window_fake, aquarium_window_fake, aquarium_window_fake,
          aquarium_window_corner, aquarium_view_2a, aquarium_pool_2,
          serial_shops, kennysheep_mini, nicolae_ru_the_path_less_chosen
D:15:     hangedman_depths_entry_civil_slaughter, layout_irregular_city,
          serial_glass, glass_columns_a, glass_columns_b
Temple:   cyrus_temple_forest
Lair:1:   layout_roguey [special_room_bee], chequers_serial_rivers_large_a,
          serial_bayou_pond_e, grunt_megastairs_3, serial_bayou_shore_b,
          lemuel_fruit_tree
Lair:2:   layout_regular_city, st_stairs_9, beast_lair_carwin_3,
          grunt_megastairs_4, infiniplex_staircase_pool
Lair:3:   layout_regular_city, minmay_swamp_entry_swarm, dummy_spider_entry,
          st_stairs_6, infiniplex_staircase_pool_2
Lair:4:   layout_cave_pods, lemuel_fruit_fields
Lair:5:   layout_layer_cave, slime_altar_1, uniq_rupert
Lair:6:   minmay_lair_end_frog_pond, layout_small_grid, minmay_lair_oklob_items,
          serial_bayou_shore_b
Swamp:1:  layout_basic_swamp, evilmike_swamp_ruin_wall
Swamp:2:  layout_basic_swamp, evilmike_swamp_ruin_house_2
Swamp:3:  layout_basic_swamp, evilmike_swamp_ruin_house_4, swamp_pool1,
          nicolae_swamp_godswood
Swamp:4:  swamp_basic_johnstein, layout_basic_swamp, uniq_louise
Spider:1: layout_spider_delve, uniq_agnes
Spider:2: layout_spider_delve, uniq_arachne
Spider:3: lemuel_spider_zombies, nicolae_spider_cling_halls
Spider:4: spider_rune_water, portal_ice_cave_entry_pillars_2
Orc:1:    nicolae_orc_accident_2, layout_diamond_mine, serial_shops,
          nicolae_shop_behind_doors, uniq_urug
Orc:2:    st_orc_congregation, layout_diamond_mine, serial_shops, freezing_bzr,
          uniq_azrael
Elf:1:    layout_geoelf_octagon, basic_altar, kennysheep_underground_church,
          drop_trap, corexii_leaking_fountain
Elf:2:    layout_loops_cross, serial_shops, shop, shop_fountains,
          nicolae_shop_stone, shop, shop
Elf:3:    minmay_elf_hall_quartered_circle, layout_geoelf_castle
Vaults:1: v_misc_9, nicolae_vaults_hallways_thing, st_cells,
          nicolae_vaults_border_crossing, ontoclasm_vaults_misaligned,
          nicolae_vaults_inception_scallops, hangedman_vaults_variations,
          v_misc_9, v_misc_23, vaults_dpeg_cross, vaults_dpeg_ring,
          hangedman_vaults_nails, vaults_standard_mumra_x,
          layout_vaults_maze_snakey, basic_altar
Vaults:2: nicolae_vaults_ninety_degrees, hangedman_vaults_stream,
          vaults_room_boxed, v_alt_pattern_5, nicolae_vaults_twisting_passages,
          nicolae_vaults_rhombus_6, ontoclasm_vaults_twist,
          ontoclasm_vaults_fault, nicolae_vaults_sealed_display,
          vaults_dpeg_diagonal, layout_vaults_big_room, serial_shops, shop
Vaults:3: st_quartered_hall, vaults_mumra_hexcomb, nicolae_vaults_big_ls,
          ontoclasm_vaults_pinch, blue_anna_dwarven_crypt, v_rooms_3,
          nicolae_vaults_mini_display_case, grunt_vaults_funnel,
          layout_vaults_omnigrid, uniq_saint_roka
Vaults:4: grunt_vaults_hallway_long, nicolae_vaults_little_squares_3,
          hangedman_vaults_stitches, vaults_room_pools, v_rooms_2, v_misc_15,
          nicolae_vaults_network_square, nicolae_vaults_network_periphery,
          v_misc_8, vaults_mumra_bighexcomb, layout_vaults_omnibox,
          nicolae_trove_entry_crystal
Vaults:5

Skill      XL: |  1  2  3  4  5  6  7  8  9 10 11 12 13 14 15 16 17 18 19 20 21 22 23 24 |
---------------+-------------------------------------------------------------------------+-----
Polearms       | 5 6 7 8 9 11 14 16 | 16.0
Fighting       | 3 4 5 8 10 11 12 13 14 15 16 17 18 19 20 | 20.9
Dodging        | 5 6 8 11 12 13 14 15 | 15.0
Shields        | 2 4 8 11 13 15 17 18 19 20 22 23 | 23.2
Armour         | 4 6 7 8 9 10 | 10.0
Invocations    | 2 6 8 10 12 13 14 16 17 18 | 18.1
Throwing       | |  2.0

Action                   |  1- 3 |  4- 6 |  7- 9 | 10-12 | 13-15 | 16-18 | 19-21 | 22-24 || total
-------------------------+-------+-------+-------+-------+-------+-------+-------+-------++-------
Melee: Trident           |   118 |   199 |   256 |       |       |       |       |       ||   573
       Halberd           |       |       |    64 |   668 |   170 |       |       |       ||   902
       Tailslap          |       |       |       |    11 |     3 |    47 |     1 |       ||    62
       Dagger            |       |       |       |     8 |       |       |       |       ||     8
       Demon trident     |       |       |       |       |  1129 |  1589 |   490 |  1600 ||  4808
       Scimitar          |       |       |       |       |    31 |       |       |       ||    31
Throw: Throwing net      |       |     2 |     2 |       |       |       |       |       ||     4
Invok: Upheaval          |       |       |       |     3 |     7 |    21 |     3 |    14 ||    48
       Disaster Area     |       |       |       |       |     1 |     2 |     4 |     9 ||    16
       Elemental Force   |       |       |       |       |       |     1 |       |     2 ||     3
Evoke: Wand              |       |       |       |       |     4 |       |       |       ||     4
  Use: Scroll            |       |     9 |    13 |     9 |    15 |    11 |     5 |    16 ||    78
       Potion            |       |       |     1 |       |     1 |       |     2 |     6 ||    10
 Stab: Sleeping          |     2 |       |       |       |       |       |       |       ||     2
       Distracted        |     1 |       |       |       |     1 |       |       |       ||     2
       Held in net/web   |       |     1 |       |       |       |       |       |       ||     1
  Eat: Chunk             |     2 |     7 |     8 |    10 |    17 |    13 |     5 |    23 ||    85
       Ration            |       |       |       |     4 |     6 |     7 |     2 |     1 ||    20
Armor: Leather armour    |     8 |       |       |       |       |       |       |       ||     8
       Scale mail        |     8 |       |       |       |       |       |       |       ||     8
       Ring mail         |    13 |    53 |    25 |   104 |   105 |    64 |       |       ||   364
       Plate armour      |       |       |       |       |       |   160 |    65 |   127 ||   352
Dodge: Dodged            |    69 |   118 |   227 |   499 |   339 |   515 |    88 |   218 ||  2073
       Deflected         |       |       |       |     1 |     3 |    16 |     8 |    18 ||    46
Block: Buckler           |       |       |    51 |       |   123 |       |       |       ||   174
       Other             |       |       |     7 |   223 |    48 |       |       |       ||   278
       Reflection        |       |       |       |     4 |    13 |    33 |    36 |   146 ||   232
       Large shield      |       |       |       |       |   745 |  1879 |   541 |  1323 ||  4488
       Rpst.: Scimitar   |       |       |       |       |     4 |       |       |       ||     4

Table legend:
 A = Non-vault XP
 B = Vault XP
 C = Vault XP percentage of total XP
 D = Non-vault monster count
 E = Vault monster count
 F = Vault count percentage of total count
                 A         B        C        D         E       F
            +---------+---------+-------+---------+---------+-------
      Total |  367385 |  376440 |  50.6 |    1082 |     723 |  40.1
            +---------+---------+-------+---------+---------+-------
        D:1 |      51 |      11 |  17.7 |      22 |       4 |  15.4
        D:2 |      41 |       4 |   8.9 |      15 |       2 |  11.8
        D:3 |     191 |       0 |   0.0 |      24 |       0 |   0.0
        D:4 |     258 |     607 |  70.2 |      10 |       1 |   9.1
        D:5 |     659 |     295 |  30.9 |      19 |       1 |   5.0
        D:6 |     671 |     205 |  23.4 |      20 |       2 |   9.1
        D:7 |       6 |      50 |  89.3 |       2 |       1 |  33.3
        D:8 |    1627 |    1053 |  39.3 |       9 |       2 |  18.2
        D:9 |    2613 |     965 |  27.0 |      24 |       1 |   4.0
       D:10 |    1821 |     910 |  33.3 |      12 |      21 |  63.6
       D:11 |    4170 |    2252 |  35.1 |      51 |      13 |  20.3
       D:12 |    3282 |    1270 |  27.9 |      29 |      20 |  40.8
       D:13 |    3854 |    5220 |  57.5 |      15 |      15 |  50.0
       D:14 |    8096 |     904 |  10.0 |      40 |       1 |   2.4
       D:15 |    9176 |    5555 |  37.7 |      17 |       6 |  26.1
     Lair:1 |    3752 |    3646 |  49.3 |      18 |      30 |  62.5
     Lair:2 |   12060 |    2021 |  14.4 |      37 |       8 |  17.8
     Lair:3 |   10325 |     899 |   8.0 |      35 |       5 |  12.5
     Lair:4 |    6574 |       0 |   0.0 |      26 |       0 |   0.0
     Lair:5 |    9440 |    4117 |  30.4 |      35 |       4 |  10.3
     Lair:6 |   15517 |   12621 |  44.9 |      43 |      47 |  52.2
    Swamp:1 |    4682 |       0 |   0.0 |      17 |       0 |   0.0
    Swamp:2 |   14348 |       0 |   0.0 |      31 |       0 |   0.0
    Swamp:3 |    8767 |       0 |   0.0 |      21 |       0 |   0.0
    Swamp:4 |   17739 |   20088 |  53.1 |      37 |      31 |  45.6
   Spider:1 |   12766 |    2148 |  14.4 |      44 |       1 |   2.2
   Spider:2 |   21644 |    3833 |  15.0 |      54 |       1 |   1.8
   Spider:3 |   13800 |   12299 |  47.1 |      32 |      31 |  49.2
   Spider:4 |   12398 |   24815 |  66.7 |      36 |      43 |  54.4
      Orc:1 |    2623 |    1606 |  38.0 |      24 |       8 |  25.0
      Orc:2 |    1606 |   12717 |  88.8 |      27 |      74 |  73.3
      Elf:1 |   15367 |    3542 |  18.7 |      26 |       6 |  18.8
      Elf:2 |   16567 |   23923 |  59.1 |      29 |      30 |  50.8
      Elf:3 |   10365 |   46584 |  81.8 |      19 |      31 |  62.0
   Vaults:1 |   29973 |   35004 |  53.9 |      53 |      51 |  49.0
   Vaults:2 |   26490 |   24790 |  48.3 |      46 |      37 |  44.6
   Vaults:3 |   40859 |   43933 |  51.8 |      47 |      55 |  53.9
   Vaults:4 |   17791 |   36397 |  67.2 |      30 |      36 |  54.5
   Vaults:5 |    5416 |   25678 |  82.6 |       6 |      24 |  80.0
     Bailey |       0 |     353 | 100.0 |       0 |      34 | 100.0
      IceCv |       0 |   10976 | 100.0 |       0 |      30 | 100.0
   Gauntlet |       0 |    5149 | 100.0 |       0 |      16 | 100.0
            +---------+---------+-------+---------+---------+-------
